APP
BOSTON (APP) RED SOX @ PULASKI YANKEES
09/29/2047
 
TOP OF THE 1ST
Boston (APP) Red Sox batting - Pitching for Pulaski Yankees : RHP Eric Patrick
Pitching: RHP Eric Patrick
Batting: RHB Joe Booth 0-0: Ball
1-0: Called Strike
1-1: SINGLE (Groundball, 4MD, EV 98.8 MPH)
Batting: RHB Tony Gallegos 0-0: Ball
1-0: Ball
2-0: Swinging Strike
2-1: Ball
Joe Booth is caught stealing 2nd base 2-4
3-1: Called Strike
3-2: Foul Ball, location: 2F
3-2: Foul Ball, location: 2F
3-2: Fly out, F8 (Flyball, 89D, EV 93.8 MPH)
Batting: RHB Dominique Paolozzi 0-0: Ball
1-0: Ball
2-0: Foul Ball, location: 2F
2-1: Ball
3-1: Fly out, F7 (Flyball, 78S, EV 89.4 MPH)
Top of the 1st over - 0 runs, 1 hit, 0 errors, 0 left on base; Boston (APP) 0 - Pulaski 0
BOTTOM OF THE 1ST
Pulaski Yankees batting - Pitching for Boston (APP) Red Sox : RHP Jim Horwood
Pitching: RHP Jim Horwood
Batting: RHB Jonathan Iniguez 0-0: Ball
1-0: Called Strike
1-1: SINGLE (Groundball, 6D, EV 105.6 MPH)
Batting: LHB Ernesto Abreu 0-0: Ball
Jonathan Iniguez is caught stealing 2nd base 2-6
1-0: SINGLE (Line Drive, 4D, EV 95.0 MPH)
Batting: LHB Steve LeGrand 0-0: Called Strike
0-1: Fielders Choice at 2nd, 6-4 (Groundball, 56, EV 107.5 MPH)
Batting: RHB Jesus Ruiz 0-0: Ball
1-0: Called Strike
1-1: Called Strike
1-2: Strikes out swinging
Bottom of the 1st over - 0 runs, 2 hits, 0 errors, 1 left on base; Boston (APP) 0 - Pulaski 0
TOP OF THE 2ND
Boston (APP) Red Sox batting - Pitching for Pulaski Yankees : RHP Eric Patrick
Batting: RHB Mike Rosa 0-0: Fly out, F9 (Flyball, 9, EV 84.4 MPH)
Batting: LHB Mike Hutcheson 0-0: Ball
1-0: Ball
2-0: Called Strike
2-1: Called Strike
2-2: Strikes out looking
Batting: RHB Aukukero Tairi 0-0: Called Strike
0-1: Ball
1-1: Ball
2-1: Ball
3-1: Called Strike
3-2: Base on Balls
Batting: RHB Bakhtiar Asadov 0-0: Called Strike
0-1: Swinging Strike
0-2: Ball
1-2: Foul Ball, location: 2F
1-2: Fly out, F8 (Flyball, 8RD, EV 95.0 MPH)
Top of the 2nd over - 0 runs, 0 hits, 0 errors, 1 left on base; Boston (APP) 0 - Pulaski 0
BOTTOM OF THE 2ND
Pulaski Yankees batting - Pitching for Boston (APP) Red Sox : RHP Jim Horwood
Batting: RHB Yasuoka Tsuda 0-0: Ball
1-0: Swinging Strike
1-1: Foul Ball, location: 2F
1-2: Foul Ball, location: 2F
1-2: Strikes out swinging
Batting: LHB Justin Short 0-0: Ground out U3 (Groundball, 34, EV 91.9 MPH)
Batting: LHB Carlos Palau 0-0: Ball
1-0: Foul Ball, location: 2F
1-1: Ball
2-1: Ball
3-1: Called Strike
3-2: Base on Balls
Batting: RHB Victor Garcia 0-0: Foul Ball, location: 2F
0-1: Ball
1-1: Foul Ball, location: 2F
1-2: Reached on error, E6 (Groundball, 6, EV 83.1 MPH)
Carlos Palau to second
Batting: RHB Mustafa bin Gamali 0-0: Swinging Strike
0-1: Foul Ball, location: 2F
0-2: Ball
1-2: Strikes out swinging
Bottom of the 2nd over - 0 runs, 0 hits, 1 error, 2 left on base; Boston (APP) 0 - Pulaski 0
TOP OF THE 3RD
Boston (APP) Red Sox batting - Pitching for Pulaski Yankees : RHP Eric Patrick
Batting: RHB Roger Mitchell 0-0: Ball
1-0: Ball
2-0: Called Strike
2-1: Ball
3-1: Swinging Strike
3-2: Strikes out swinging, 2-3 out at first.
Batting: RHB Willie Camacho 0-0: Fly out, F8 (Flyball, 8RD, EV 101.9 MPH)
Batting: RHB Joe Booth 0-0: Swinging Strike
0-1: Called Strike
0-2: Foul Ball, location: 2F
0-2: Ball
1-2: SINGLE (Groundball, 56D, EV 96.2 MPH)
Batting: RHB Tony Gallegos 0-0: Ball
Joe Booth steals 2nd base
1-0: Called Strike
1-1: Ball
2-1: Ball
3-1: Fly out, F9 (Line Drive, 9, EV 99.4 MPH)
Top of the 3rd over - 0 runs, 1 hit, 0 errors, 1 left on base; Boston (APP) 0 - Pulaski 0
BOTTOM OF THE 3RD
Pulaski Yankees batting - Pitching for Boston (APP) Red Sox : RHP Jim Horwood
Batting: RHB Jonathan Iniguez 0-0: Ball
1-0: Ball
2-0: Ball
3-0: Base on Balls
Batting: LHB Ernesto Abreu Pickoff Throw to First - Out! 1-3
0-0: Called Strike
0-1: Swinging Strike
0-2: Ball
1-2: Fly out, F6 (Popup, P, EV 82.5 MPH)
Batting: LHB Steve LeGrand 0-0: Foul Ball, location: 2F
0-1: Swinging Strike
0-2: Foul Ball, location: 2F
0-2: Ball
1-2: Ball
2-2: Ball
3-2: Foul Ball, location: 2F
3-2: Foul Ball, location: 2F
3-2: Foul Ball, location: 2F
3-2: Foul Ball, location: 2F
3-2: SINGLE (Groundball, 4MD, EV 100.0 MPH)
Batting: RHB Jesus Ruiz 0-0: Foul Ball, location: 2F
0-1: Swinging Strike
0-2: Ball
1-2: Strikes out looking
Bottom of the 3rd over - 0 runs, 1 hit, 0 errors, 1 left on base; Boston (APP) 0 - Pulaski 0
TOP OF THE 4TH
Boston (APP) Red Sox batting - Pitching for Pulaski Yankees : RHP Eric Patrick
Batting: RHB Dominique Paolozzi 0-0: Foul Ball, location: 2F
0-1: Ball
1-1: Foul Ball, location: 2F
1-2: Ball
2-2: Ball
3-2: Base on Balls
Batting: RHB Mike Rosa 0-0: Called Strike
0-1: Ball
1-1: TRIPLE (Flyball, 78XD, EV 99.4 MPH)
Dominique Paolozzi scores
Batting: LHB Mike Hutcheson 0-0: Foul Ball, location: 2F
0-1: Ball
1-1: Swinging Strike
1-2: 2-RUN HOME RUN (Line Drive, 89XD, EV 114.4 MPH), Distance : 425 ft
Batting: RHB Aukukero Tairi 0-0: Foul Ball, location: 2F
0-1: Called Strike
0-2: Ball
1-2: Foul Ball, location: 2F
1-2: Fly out, F5 (Popup, 5SF, EV 83.8 MPH)
Batting: RHB Bakhtiar Asadov 0-0: Ball
1-0: Ball
2-0: Called Strike
2-1: Ball
3-1: Called Strike
3-2: Foul Ball, location: 2F
3-2: Strikes out swinging
Batting: RHB Roger Mitchell 0-0: Called Strike
0-1: Ball
1-1: Called Strike
1-2: Ball
2-2: Strikes out looking
Top of the 4th over - 3 runs, 2 hits, 0 errors, 0 left on base; Boston (APP) 3 - Pulaski 0
BOTTOM OF THE 4TH
Pulaski Yankees batting - Pitching for Boston (APP) Red Sox : RHP Jim Horwood
Batting: RHB Yasuoka Tsuda 0-0: Foul Ball, location: 2F
0-1: Ground out 4-3 (Groundball, 4M, EV 99.4 MPH)
Batting: LHB Justin Short 0-0: Ball
1-0: Ground out 4-3 (Groundball, 4, EV 86.2 MPH)
Batting: LHB Carlos Palau 0-0: Called Strike
0-1: Ball
1-1: Ball
2-1: Fly out, F8 (Line Drive, 8RM, EV 95.0 MPH)
Bottom of the 4th over - 0 runs, 0 hits, 0 errors, 0 left on base; Boston (APP) 3 - Pulaski 0
TOP OF THE 5TH
Boston (APP) Red Sox batting - Pitching for Pulaski Yankees : RHP Eric Patrick
Pitching: RHP Yoshida Abe
Batting: RHB Willie Camacho 0-0: Ball
1-0: Fly out, F7 (Flyball, 78S, EV 76.9 MPH)
Batting: RHB Joe Booth 0-0: Called Strike
0-1: Swinging Strike
0-2: Ground out 1-3 (Groundball, 13, EV 69.4 MPH)
Batting: RHB Tony Gallegos 0-0: Swinging Strike
0-1: Swinging Strike
0-2: Ball
1-2: SOLO HOME RUN (Flyball, 9LD, EV 95.6 MPH), Distance : 333 ft
Batting: RHB Dominique Paolozzi 0-0: Foul Ball, location: 2F
0-1: Ground out 6-3 (Groundball, 6, EV 90.6 MPH)
Top of the 5th over - 1 run, 1 hit, 0 errors, 0 left on base; Boston (APP) 4 - Pulaski 0
BOTTOM OF THE 5TH
Pulaski Yankees batting - Pitching for Boston (APP) Red Sox : RHP Jim Horwood
Batting: RHB Victor Garcia 0-0: Called Strike
0-1: Called Strike
0-2: Ground out 6-3 (Groundball, 6S, EV 90.6 MPH)
Batting: RHB Mustafa bin Gamali 0-0: Ball
1-0: Called Strike
1-1: Ground out 4-3 (Groundball, 34, EV 79.4 MPH)
Batting: RHB Jonathan Iniguez 0-0: Foul Ball, location: 2F
0-1: Foul Ball, location: 2F
0-2: Foul Ball, location: 2F
0-2: Ball
1-2: Foul Ball, location: 2F
1-2: Strikes out swinging
Bottom of the 5th over - 0 runs, 0 hits, 0 errors, 0 left on base; Boston (APP) 4 - Pulaski 0
TOP OF THE 6TH
Boston (APP) Red Sox batting - Pitching for Pulaski Yankees : RHP Yoshida Abe
Batting: RHB Mike Rosa 0-0: Called Strike
0-1: Swinging Strike
0-2: Ball
1-2: Strikes out swinging
Batting: LHB Mike Hutcheson 0-0: Ball
1-0: Foul Ball, location: 2F
1-1: Ball
2-1: Fly out, F8 (Flyball, 8LXD, EV 104.4 MPH)
Batting: RHB Aukukero Tairi 0-0: Ball
1-0: Called Strike
1-1: Foul Ball, location: 2F
1-2: Ball
2-2: Ground out 6-3 (Groundball, 56, EV 102.5 MPH)
Top of the 6th over - 0 runs, 0 hits, 0 errors, 0 left on base; Boston (APP) 4 - Pulaski 0
BOTTOM OF THE 6TH
Pulaski Yankees batting - Pitching for Boston (APP) Red Sox : RHP Jim Horwood
Batting: LHB Ernesto Abreu 0-0: SINGLE (Groundball, 4MS, EV 73.8 MPH) (infield hit)
Batting: LHB Steve LeGrand 0-0: Ball
1-0: DOUBLE (Line Drive, 89D, EV 109.4 MPH)
Ernesto Abreu to third
Batting: RHB Jesus Ruiz 0-0: Called Strike
0-1: Ball
1-1: Called Strike
1-2: Strikes out looking
Pitching: LHP Jose Andujar
Batting: RHB Yasuoka Tsuda 0-0: Ball
1-0: Swinging Strike
1-1: Swinging Strike
1-2: Ball
2-2: Strikes out swinging
Batting: LHB Justin Short 0-0: Ball
1-0: Ball
2-0: Swinging Strike
2-1: Swinging Strike
2-2: DOUBLE (Flyball, 8LXD, EV 103.1 MPH)
Ernesto Abreu scores
Steve LeGrand scores
Batting: LHB Carlos Palau 0-0: Ball
1-0: Fly out, F8 (Flyball, 8LD, EV 86.2 MPH)
Bottom of the 6th over - 2 runs, 3 hits, 0 errors, 1 left on base; Boston (APP) 4 - Pulaski 2
TOP OF THE 7TH
Boston (APP) Red Sox batting - Pitching for Pulaski Yankees : RHP Yoshida Abe
Batting: RHB Bakhtiar Asadov 0-0: SOLO HOME RUN (Flyball, 7D, EV 97.5 MPH), Distance : 379 ft
Batting: RHB Roger Mitchell 0-0: Ball
1-0: Foul Ball, location: 2F
1-1: Ball
2-1: Ball
3-1: Base on Balls
Batting: RHB Willie Camacho 0-0: Bunted foul
0-1: Sac Bunt to 15 - play at first, batter OUT! 1-3
Roger Mitchell to second
Batting: RHB Joe Booth 0-0: Called Strike
0-1: Ground out 5-3 (Groundball, 56, EV 83.1 MPH)
Pitching: RHP Jon Campbell
Batting: RHB Tony Gallegos 0-0: Called Strike
0-1: Ball
1-1: Called Strike
1-2: Strikes out swinging
Top of the 7th over - 1 run, 1 hit, 0 errors, 1 left on base; Boston (APP) 5 - Pulaski 2
BOTTOM OF THE 7TH
Pulaski Yankees batting - Pitching for Boston (APP) Red Sox : LHP Jose Andujar
Batting: RHB Victor Garcia 0-0: Called Strike
0-1: Foul Ball, location: 2F
0-2: Ball
1-2: Strikes out swinging
Batting: RHB Mustafa bin Gamali 0-0: Ball
1-0: Called Strike
1-1: Swinging Strike
1-2: Strikes out swinging
Batting: RHB Jonathan Iniguez 0-0: Called Strike
0-1: Called Strike
0-2: Foul Ball, location: 2F
0-2: Ball
1-2: Strikes out swinging
Bottom of the 7th over - 0 runs, 0 hits, 0 errors, 0 left on base; Boston (APP) 5 - Pulaski 2
TOP OF THE 8TH
Boston (APP) Red Sox batting - Pitching for Pulaski Yankees : RHP Jon Campbell
Batting: RHB Dominique Paolozzi 0-0: Called Strike
0-1: Foul Ball, location: 2F
0-2: Ball
1-2: DOUBLE (Groundball, 5L, EV 108.1 MPH)
Batting: RHB Mike Rosa 0-0: Called Strike
0-1: Ball
1-1: Foul Ball, location: 2F
1-2: Foul Ball, location: 2F
1-2: Strikes out swinging
Batting: LHB Mike Hutcheson 0-0: Ball
1-0: 2-RUN HOME RUN (Flyball, 9D, EV 93.8 MPH), Distance : 358 ft
Batting: RHB Aukukero Tairi 0-0: Ball
1-0: Ball
2-0: Ball
3-0: Base on Balls
Batting: RHB Bakhtiar Asadov 0-0: Foul Ball, location: 2F
0-1: Ball
1-1: Foul Ball, location: 2F
1-2: Ball
2-2: Strikes out swinging
Batting: RHB Roger Mitchell 0-0: Swinging Strike
0-1: Ball
1-1: Ball
2-1: Swinging Strike
2-2: Strikes out swinging
Top of the 8th over - 2 runs, 2 hits, 0 errors, 1 left on base; Boston (APP) 7 - Pulaski 2
BOTTOM OF THE 8TH
Pulaski Yankees batting - Pitching for Boston (APP) Red Sox : LHP Jose Andujar
Batting: LHB Ernesto Abreu 0-0: Ball
1-0: Ball
2-0: Ball
3-0: Called Strike
3-1: Foul Ball, location: 2F
3-2: Foul Ball, location: 2F
3-2: Base on Balls
Batting: LHB Steve LeGrand 0-0: Ball
1-0: Called Strike
1-1: Ball
2-1: Swinging Strike
2-2: Foul Ball, location: 2F
2-2: Grounds into double play, 4-6-3 (Groundball, 4, EV 90.0 MPH)
Batting: RHB Jesus Ruiz 0-0: Swinging Strike
0-1: Ball
1-1: Ball
2-1: Foul Ball, location: 2F
2-2: Foul Ball, location: 2F
2-2: Strikes out swinging
Bottom of the 8th over - 0 runs, 0 hits, 0 errors, 0 left on base; Boston (APP) 7 - Pulaski 2
TOP OF THE 9TH
Boston (APP) Red Sox batting - Pitching for Pulaski Yankees : RHP Jon Campbell
Batting: RHB Willie Camacho 0-0: Ball
1-0: Called Strike
1-1: Fly out, F7 (Flyball, 78D, EV 106.2 MPH)
Batting: RHB Joe Booth 0-0: Ball
1-0: Called Strike
1-1: SINGLE (Groundball, 56S, EV 66.2 MPH) (infield hit)
Pitching: RHP Matt Elliott
Batting: RHB Tony Gallegos 0-0: Called Strike
Joe Booth is caught stealing 2nd base 2-4
0-1: Swinging Strike
0-2: Ground out 2-3 (Groundball, 2L, EV 73.1 MPH)
Top of the 9th over - 0 runs, 1 hit, 0 errors, 0 left on base; Boston (APP) 7 - Pulaski 2
BOTTOM OF THE 9TH
Pulaski Yankees batting - Pitching for Boston (APP) Red Sox : LHP Jose Andujar
Batting: RHB Yasuoka Tsuda 0-0: Ball
1-0: Ball
2-0: Ball
3-0: Base on Balls
Pitching: RHP Armando Berrios
Batting: LHB Justin Short 0-0: Ball
1-0: Ball
2-0: Ball
3-0: Base on Balls
Yasuoka Tsuda to second
Pinch Hitting: LHB Jared Zulkowski 0-0: Ball
1-0: Called Strike
1-1: Ball
2-1: Grounds into double play, 6-4-3 (Groundball, 6, EV 76.2 MPH)
Yasuoka Tsuda to third
Pinch Hitting: LHB Troy Jones 0-0: Swinging Strike
0-1: Ball
1-1: Fly out, F8 (Flyball, 8LD, EV 108.8 MPH)
Bottom of the 9th over - 0 runs, 0 hits, 0 errors, 1 left on base; Boston (APP) 7 - Pulaski 2
Thursday, December 15th , 2022 - OOTP Baseball 23.9 Build 102